 Dungeon Crawl Stone Soup version 0.29-a0-1-gf2d273c862 (webtiles) character file.

Game seed: 2018330838394231794

38 EiAlmux the Conjurer (level 3, 0/29 HPs)
             Began as a Draconian Conjurer on Jan 26, 2022.
             Slain by a gnoll (11 damage)
             ... on level 2 of the Dungeon.
             The game lasted 00:02:22 (1015 turns).

EiAlmux the Conjurer (Draconian Conjurer)           Turns: 1015, Time: 00:02:22

Health: 0/29       AC:  5    Str:  9    XL:     3   Next: 25%
Magic:  6/6        EV: 12    Int: 20    God:
Gold:   64         SH:  0    Dex: 11    Spells: 5/6 levels left

rFire   . . .      SeeInvis .   i - +6 battleaxe "Pyleiqar" {vorpal, +Blink rPois Dex+2}
rCold   . . .      Faith    .   (shield currently unavailable)
rNeg    . . .      Spirit   .   (armour unavailable)
rPois   +          Reflect  .   (helmet restricted)
rElec   .          Harm     .   (no cloak)
rCorr   .          Rampage  .   (no gloves)
Will    .....                   (no boots)
Stlth   ++........              (no amulet)
HPRegen 0.09/turn               (no ring)
MPRegen 0.10/turn               (no ring)

@: no status effects
A: AC +5, unfitting armour, cold-blooded
a: Evoke Blink


You were on level 2 of the Dungeon.
You visited 1 branch of the dungeon, and saw 2 of its levels.

You collected 64 gold pieces.

Inventory:

Hand Weapons
 b - a +0 dagger
 e - a +0 short sword
 i - the +6 battleaxe "Pyleiqar" (weapon) {vorpal, +Blink rPois Dex+2}
   (You found it on level 2 of the Dungeon)

   It inflicts extra damage upon your enemies.
   Dex:       It affects your dexterity (+2).
   rPois:     It protects you from poison.
   +Blink:    It lets you blink.
Armour
 f - a +0 cloak
Scrolls
 a - a scroll of vulnerability {unknown}
 c - a scroll of fog {unknown}
 g - a scroll of teleportation {unknown}
Potions
 d - 2 potions of heal wounds {unknown}
 h - a potion of attraction {unknown}
 j - a potion of degeneration {unknown}


   Skills:
 * Level 1.9 Fighting
 + Level 0.2 Axes
 + Level 2.1 Dodging
 - Level 1.7 Stealth
 + Level 2.3 Spellcasting
 + Level 4.2 Conjurations


You had 5 spell levels left.
You knew the following spells:

 Your Spells              Type           Power      Damage    Failure   Level
a - Magic Dart            Conj           76%        1d6       2%          1

Your spell library contained the following spells:

 Spells                   Type           Power      Damage    Failure   Level
 Searing Ray              Conj           38%        2d5       4%          2
 Dazzling Flash           Conj/Hex       20%        N/A       19%         3
 Fulminant Prism          Conj/Hex       5%         3d7       54%         4
 Iskenderun's Mystic Bla  Conj/Tloc      10%        2d4       54%         4


Dungeon Overview and Level Annotations

Branches:
Dungeon (2/15)

Altars:


Innate Abilities, Weirdness & Mutations

Your plain brown scales are hard. (AC +5)
You cannot fit into any form of body armour.
You are cold-blooded and may be slowed by cold attacks.


Message History

There is an open door here.
A gnoll is nearby!
An endoplasm comes into view.
The gnoll shouts!
The endoplasm quivers.
A gnoll comes into view. It is wielding a +0 club.
The gnoll drinks a potion.
The gnoll suddenly seems more resistant.
The gnoll misses you.
You hit the endoplasm.
The endoplasm is heavily wounded.
The endoplasm barely misses you. The gnoll closely misses you.
The endoplasm hits you.
A gnoll comes into view. It is wielding a +0 spear.
The gnoll shouts!
You slash the endoplasm!
You kill the endoplasm!
The gnoll barely misses you.
The gnoll hits you from afar with a +0 halberd!
The gnoll barely misses you.
You have reached level 3!
Your experience leads to an increase in your attributes!
Your base attributes are Str 9, Int 18, Dex 9.
Increase (S)trength, (I)ntelligence, or (D)exterity?
You feel clever. x2; Your scales feel tougher.
You slash the gnoll! You tail-slap the gnoll.
The gnoll is almost dead.
The gnoll hits you but does no damage. The gnoll barely misses you.
The gnoll closely misses you.
You slash the gnoll!
You kill the gnoll!
The gnoll barely misses you. x3
The gnoll hits you with a +0 halberd! The gnoll hits you but does no damage.
Things that are here:
a +0 club; 10 gold pieces You are too injured to fight recklessly!
You are too injured to fight recklessly!
You closely miss the gnoll. You hit the gnoll.
The gnoll hits you with a +0 halberd!
You die...

#.#.###.# ##+# ##.##
#.......# ##...## #.#
###.##### ##.>...## #.###
#.#.## ##.......## #.#.##
#....####.........###....####
#.......+.........'..........
#....####.........###....####
###.#.### #.......## #.#.##
........# ##...@.## #.###
###.###.# ##.gg## #.# #.# #.#
##'## #.# #.# #.#######.####
#.# ###.###.##.......(.# #..
........##<####..#.#
###.######.###...#.# #.#
#.#(......#
#.######.........########


You could see 2 gnolls.

Vanquished Creatures
  A gnoll (D:2)
  An adder (D:2)
  2 ball pythons (D:1)
  2 endoplasms
  3 goblins (D:1)
  2 kobolds (D:1)
  A quokka (D:1)
  2 bats (D:1)
  A frilled lizard (D:1)
  4 rats (D:1)
19 creatures vanquished.

Notes
Turn   | Place    | Note
-------+----------+-------------------------------------------
     0 | D:1      | EiAlmux the Draconian Conjurer began the quest for the Orb.
     0 | D:1      | Reached XP level 1. HP: 14/14 MP: 3/3
    56 | D:1      | Found a faded altar of an unknown god.
   403 | D:1      | Reached skill level 1 in Fighting
   403 | D:1      | Reached XP level 2. HP: 23/23 MP: 0/5
   937 | D:2      | Identified the +6 battleaxe "Pyleiqar" {vorpal, +Blink
                  | rPois Dex+2}
  1012 | D:2      | Reached XP level 3. HP: 19/29 MP: 6/6
  1015 | D:2      | Slain by a gnoll

Illustrated notes

Levels and vault maps discovered:
D:1:      nzn_arrival_settlement, layout_basic,
          hellmonk_ecumenical_altar_heavens_door, hangedman_decor_points
D:2:      layout_loops_corners, kennysheep_nub, grunt_ministairs_13,
          uniq_sigmund

Skill      XL: |  1  2 |
---------------+-------+-----
Fighting       | 1 |  1.9
Dodging        | 2 |  2.1
Axes           | |  0.2
Stealth        | |  1.7
Spellcasting   | |  2.3
Conjurations   | |  4.2

Action                   || total
-------------------------++-------
Melee: Battleaxe         ||     5
       Short sword       ||     1
       Tailslap          ||     1
 Cast: Magic Dart        ||    31
Armor: Skin              ||     2
Dodge: Dodged            ||    10

Table legend: (Time is in decaauts)
 A = Elapsed time spent in this place.
 B = Non-inter-level travel time spent in this place.
 C = Inter-level travel time spent in this place.
 D = Time resting spent in this place.
 E = Time spent auto-exploring this place.
 F = Levels seen in this place.
 G = Mean time per level.
                   A        B        C        D        E       F      G
               +--------+--------+--------+--------+--------+-----+--------+
         Total |   1016 |    999 |     17 |      0 |    899 |   2 |  508.0 |
       Dungeon |   1016 |    999 |     17 |      0 |    899 |   2 |  508.0 |
               +--------+--------+--------+--------+--------+-----+--------+

Top non-repeatable levels by time:
     D:1: 854 daAuts
     D:2: 162 daAuts
